 Dungeon Crawl Stone Soup version 0.29-a0-483-g69413ace17 (webtiles) character file.

Game seed: 1890386958479063619

65 jfcaron the Skirmisher (level 3, -7/33 HPs)
             Began as a Minotaur Fighter on May 26, 2022.
             Killed from afar by Terence (9 damage)
             ... with a puff of flame
             ... on level 3 of the Dungeon.
             The game lasted 00:03:06 (2210 turns).

jfcaron the Skirmisher (Minotaur Fighter)           Turns: 2210, Time: 00:03:06

Health: -7/33      AC:  8    Str: 19 (22) XL:     3   Next: 94%
Magic:  2/2        EV:  9    Int:  4 (5)  God:
Gold:   137        SH:  4    Dex:  7 (9)  Spells: 2/2 levels left

rFire   . . .      SeeInvis .   a - +0 war axe
rCold   + . .      Faith    .   c - +0 buckler
rNeg    . . .      Spirit   .   b - +0 scale mail
rPois   .          Reflect  .   (helmet restricted)
rElec   .          Harm     +   m - scarf {harm}
rCorr   .          Rampage  .   i - +0 pair of gloves
Will    .....                   (no boots)
Stlth   ..........              (no amulet)
HPRegen 0.11/turn               p - ring of protection from cold
MPRegen 0.08/turn               (no ring)

@: attractive
A: horns 2, retaliatory headbutt
a: no special abilities


You were on level 3 of the Dungeon.
You visited 1 branch of the dungeon, and saw 3 of its levels.

You collected 137 gold pieces.

Inventory:

Hand Weapons
 a - a +0 war axe (weapon)
 h - a +2 dagger of venom
Missiles
 f - 48 stones
 j - 2 silver javelins {!f}
Armour
 b - a +0 scale mail (worn)
 c - a +0 buckler (worn)
 i - a +0 pair of gloves (worn)
 m - a scarf of harm (worn)
Magical Staves
 r - a staff of cold
Jewellery
 p - a ring of protection from cold (left hand)
Scrolls
 g - a scroll of enchant armour {unknown}
 k - 3 scrolls of teleportation {unknown}
 q - a scroll of identify {unknown}


   Skills:
 + Level 4.1 Fighting
 * Level 3.8 Axes
 + Level 4.1 Armour
 + Level 4.1 Shields


You had 2 spell levels left.
You didn't know any spells.
Your spell library was empty.

Dungeon Overview and Level Annotations

Branches:
Dungeon (3/15)

Altars:

Shops:
D:2 (

Annotations:
D:3 Terence


Innate Abilities, Weirdness & Mutations

You have a pair of horns on your head.
You reflexively headbutt those who attack you in melee.


Message History

Press: ? - help, Shift-Dir - straight line, f - Terence
Aim: Terence, wielding a +0 morningstar, wearing a +0 scale mail and carrying a wand of flame (10) (60% to hit)
You throw a silver javelin {!f}.
The silver javelin {!f} barely misses Terence.
You hit Terence but do no damage.
Terence zaps a wand.
The puff of flame hits you.
Terence zaps a wand.
The puff of flame hits you.
You barely miss Terence. Terence looks scornfully at you.
Terence hits you with a +0 morningstar.
* * * LOW HITPOINT WARNING * * *
It was a potion of curing.
You feel better. You block Terence's attack.
You feel very mighty all of a sudden. Terence closely misses you.
You hit Terence.
Terence is moderately wounded.
Terence hits you with a +0 morningstar!
* * * LOW HITPOINT WARNING * * *
You closely miss Terence. You headbutt Terence, but do no damage.
Terence is moderately wounded.
Terence hits you with a +0 morningstar.
* * * LOW HITPOINT WARNING * * *
Terence hits you but does no damage.
You feel better. Terence hits you with a +0 morningstar.
* * * LOW HITPOINT WARNING * * *
You feel better. Terence completely misses you.
It was a potion of cancellation.
Your magical effects are unravelling.
You feel magically purged.
You feel a little less mighty now. Terence hits you with a +0 morningstar.
* * * LOW HITPOINT WARNING * * *
It was a potion of attraction.
You feel attractive to monsters.
Terence zaps a wand.
The puff of flame hits you.
* * * LOW HITPOINT WARNING * * *
It was a potion of degeneration.
There was something very wrong with that liquid.
You feel weakened.
You feel dopey.
You feel clumsy.
Terence zaps a wand.
The puff of flame hits you!
You die...

.# #.#.#.# .)
...... ##
#.##.#.. #
...#......#.#..
.?.......(.....
#
...............
#.#######.#
........@.#
.......@###
##.......<#
##.###...# #
......#
#.####..# ....
...### ####


You could see Terence.

Vanquished Creatures
  2 adders
  A dart slug (D:2)
  4 ball pythons
  3 bats
  5 endoplasms (D:1)
  A giant cockroach (D:1)
  4 goblins (D:1)
  2 hobgoblins
  4 jackals
  4 kobolds
  4 quokkas
  2 frilled lizards (D:1)
  7 rats
43 creatures vanquished.

Notes
Turn   | Place    | Note
-------+----------+-------------------------------------------
     0 | D:1      | jfcaron the Minotaur Fighter began the quest for the Orb.
     0 | D:1      | Reached XP level 1. HP: 19/19 MP: 0/0
   133 | D:1      | Reached XP level 2. HP: 20/27 MP: 1/1
   982 | D:1      | Reached XP level 3. HP: 33/33 MP: 2/2
  1768 | D:2      | Found Ixtu's Weapon Shoppe.
  2190 | D:3      | Noticed Terence
  2204 | D:3      | HP: 6/33 [Terence/+0 morningstar (12)]
  2209 | D:3      | HP: 2/33 [Terence/puff of flame (7)]
  2210 | D:3      | Killed from afar by Terence

Illustrated notes

Levels and vault maps discovered:
D:1:      minmay_arrival_jagged, layout_basic, chequers_serial_rivers_small_a,
          chequers_jeans
D:2:      layout_basic, serial_shops, nicolae_shop_trees
D:3:      layout_basic, nicolae_ecumenical_snake_handling, minmay_box_of_dots,
          uniq_jessica, uniq_terence

Skill      XL: |  1  2  3 |
---------------+----------+-----
Axes           | 3 |  3.8
Armour         | 4 |  4.1
Fighting       | 4 |  4.1
Shields        | 4 |  4.1

Action                   || total
-------------------------++-------
Melee: War axe           ||    90
       Headbutt          ||    12
Throw: Stone             ||     4
       Javelin           ||     1
  Use: Potion            ||     7
Armor: Scale mail        ||    35
Dodge: Dodged            ||    35
Block: Buckler           ||    17

Table legend: (Time is in decaauts)
 A = Elapsed time spent in this place.
 B = Non-inter-level travel time spent in this place.
 C = Inter-level travel time spent in this place.
 D = Time resting spent in this place.
 E = Time spent auto-exploring this place.
 F = Levels seen in this place.
 G = Mean time per level.
                   A        B        C        D        E       F      G
               +--------+--------+--------+--------+--------+-----+--------+
         Total |   2247 |   2133 |    114 |      5 |   1829 |   3 |  749.0 |
       Dungeon |   2247 |   2133 |    114 |      5 |   1829 |   3 |  749.0 |
               +--------+--------+--------+--------+--------+-----+--------+

Top non-repeatable levels by time:
     D:1: 1316 daAuts
     D:2: 904 daAuts
     D:3: 27 daAuts
